 Dungeon Crawl Stone Soup version 0.20-a0-871-g785f14b (webtiles) character file.

682 InitiateZ the Cleaver (level 7, 0/60 HPs)
             Began as a Hill Orc Monk on Mar 15, 2017.
             Was a Believer of Wu Jian.
             Slain by an iguana (7 damage)
             ... on level 4 of the Dungeon.
             The game lasted 00:09:24 (3031 turns).

InitiateZ the Cleaver (Hill Orc Monk)               Turns: 3031, Time: 00:09:25

Health: 0/60       AC: 12    Str: 16    XL:     7   Next: 61%
Magic:  16/16      EV: 11    Int: 10    God:    Wu Jian [**....]
Gold:   165        SH:  0    Dex: 13    Spells: 18/18 levels left

rFire    . . .     SeeInvis .   a - +0 hand axe
rCold    . . .     Gourm    .   e - +0 scale mail
rNeg     . . .     Faith    .   (no shield)
rPois    +         Spirit   .   h - +0 helmet
rElec    .         Reflect  .   f - +0 cloak
rCorr    .         Harm     .   (no gloves)
MR       .....                  i - +2 pair of boots
Stlth    +.........             (no amulet)
Regen    0.2/turn               (no ring)
MPRegen  0.2/turn               k - ring of poison resistance

@: no status effects
A: no striking features
a: Renounce Religion, Convert to Beogh


You were on level 4 of the Dungeon.
You worshipped Wu Jian.
Wu Jian was pleased with you.
You were not hungry.

You visited 2 branches of the dungeon, and saw 5 of its levels.

You collected 165 gold pieces.

Inventory:

Hand Weapons
 a - a +0 hand axe (weapon)
Armour
 e - a +0 scale mail (worn)
 f - a +0 cloak (worn)
 h - a +0 helmet (worn)
 i - a +2 pair of boots (worn)
Jewellery
 k - a ring of poison resistance (left hand)
Scrolls
 b - 4 scrolls of identify
 d - a scroll of remove curse
 g - 2 scrolls of teleportation
 n - 2 scrolls of magic mapping
 o - 2 scrolls of recharging
Potions
 m - a potion of flight
Comestibles
 c - 2 bread rations
 j - 3 royal jellies
 p - a meat ration


   Skills:
 + Level 4.9 Fighting
 + Level 12.4 Axes
 + Level 2.7 Armour
 + Level 3.4 Dodging
 + Level 1.9 Stealth
 + Level 6.3 Spellcasting


You had 18 spell levels left.
You didn't know any spells.

Dungeon Overview and Level Annotations

Branches:
Dungeon (4/15)             Temple (1/1) D:4

Altars:
Ashenzari
Elyvilon
Gozag
Kikubaaqudgha
Qazlal
Trog
Vehumet
Wu Jian
The Shining One

Annotations:
D:4 RepHenryClay's ghost, amateur TeFi


Message History

Found an escape hatch in the floor.
An orc priest comes into view.
The orc priest casts a cantrip, but nothing happens.
You spin and attack the giant cockroach.
You hit the giant cockroach.
You kill the giant cockroach!
The Council accepts your kill.
The orc priest mumbles some strange prayers to Beogh against you.
Pain shoots through your body!
The orc priest mumbles some strange prayers to Beogh against you.
Beogh smites you!
The hound skeleton bites you but does no damage.
The hound skeleton barely misses you.
The orc priest invokes the aid of Beogh against you.
Beogh smites you!
* * * LOW HITPOINT WARNING * * *
You closely miss the iguana. You hit the hound skeleton.
The hound skeleton bites you but does no damage.
The iguana bites you!
You die...

..#..........(....... ....##.#
...?.######........)####.#...#
.#### #...........<..)....## ...
#. .. ..........###.l...##
....###. .# #.........##..##<...
.#......##.#####.#..#####.#...###
.>... ...... ........<.........
....####..# ##l###..#..........
..........######@###..[......(...
..........o...WZ.................
........####.....#...............
...†....# ###..##...............
........# ....#...............
..####### #.##.#.....[.....####
..# .. #............## W## #.#
###..........# .# ..
#...........##


You could see an iguana, an orc priest, RepHenryClay's ghost and a hound
skeleton.

Vanquished Creatures
  Sigmund (D:4)
  An ogre (D:4)
  A crimson imp (D:2)
  An orc priest (D:3)
  An orc wizard (D:2)
  4 gnolls (D:3)
  8 adders
  3 oozes
  A worm (D:2)
  2 dart slugs
  5 leopard geckos
  2 orcs
  3 ball pythons
  7 giant cockroaches
  6 goblins
  6 hobgoblins
  3 jackals (D:4)
  A quokka (D:2)
  6 bats
  2 frilled lizards
  6 kobolds
  10 rats
80 creatures vanquished.

Notes
Turn   | Place    | Note
-------+----------+-------------------------------------------
     0 | D:1      | InitiateZ the Hill Orc Monk began the quest for the Orb.
     0 | D:1      | Reached XP level 1. HP: 19/19 MP: 1/1
   139 | D:1      | Reached XP level 2. HP: 24/27 MP: 2/2
   361 | D:1      | Reached XP level 3. HP: 31/33 MP: 3/3
   834 | D:2      | Reached skill level 5 in Axes
  1016 | D:2      | Reached skill level 1 in Armour
  1016 | D:2      | Reached XP level 4. HP: 35/40 MP: 4/4
  1577 | D:2      | Reached XP level 5. HP: 35/46 MP: 5/5
  1676 | D:3      | Found a shattered altar of Ashenzari.
  1788 | D:3      | Reached skill level 12 in Axes
  1788 | D:3      | Reached XP level 6. HP: 12/53 MP: 5/15
  2353 | D:3      | Found a white marble altar of Elyvilon.
  2427 | D:3      | Reached XP level 7. HP: 57/60 MP: 16/16
  2622 | D:4      | Noticed Sigmund
  2638 | D:4      | Killed Sigmund
  2947 | D:4      | Found a staircase to the Ecumenical Temple.
  2947 | D:4      | Noticed RepHenryClay's ghost (amateur TeFi)
  2961 | Temple   | Entered the Ecumenical Temple
  2974 | Temple   | Became a worshipper of the Wu Jian Council
  2974 | Temple   | Reached * piety under Wu Jian
  2974 | Temple   | Reached ** piety under Wu Jian
  3031 | D:4      | Slain by an iguana

Vault maps used:
D:1:      erik_arrival_cave_to_civilisation, st_stairs_11
D:2:      wad_pebble_path
D:3:      old_standard_altar, nicolae_ashenzari_panopticon
D:4:      minmay_temple_entry_glass, kennysheep_dice, uniq_sigmund
Temple:   nicolae_temple_the_god_donut

Skill      XL: |  1  2  3  4  5 |
---------------+----------------+-----
Fighting       | 4 |  4.9
Axes           | 5 12 | 12.4
Armour         | 1 2 |  2.7
Dodging        | 3 |  3.4
Spellcasting   | 6 |  6.3
Stealth        | |  1.9

Action                   |  1- 3 |  4- 6 |  7- 9 || total
-------------------------+-------+-------+-------++-------
Melee: Hand axe          |   145 |   178 |    53 ||   376
  Use: Scroll            |     5 |     2 |     4 ||    11
       Potion            |       |     1 |       ||     1
 Stab: Sleeping          |     1 |       |       ||     1
  Eat: Chunk             |       |     5 |     2 ||     7
Armor: Robe              |     2 |       |       ||     2
       Scale mail        |    77 |    91 |    17 ||   185
Dodge: Dodged            |   111 |    75 |    21 ||   207
